 Dungeon Crawl Stone Soup version 0.26.0-18-gc5c842f807 (webtiles) character file.

Game seed: 1079585985875642649

1602 TheDoctor the Conjurer (level 8, -5/54 HPs)
             Began as an Octopode Hedge Wizard on Jan 23, 2021.
             Killed by divine providence
             ... invoked by an orc priest
              (12 damage)
             ... on level 7 of the Dungeon.
             The game lasted 00:20:24 (10363 turns).

TheDoctor the Conjurer (Octopode Hedge Wizard)     Turns: 10363, Time: 00:20:25

Health: -5/54      AC:  1    Str: 11    XL:     8   Next: 94%
Magic:  9/14       EV: 14    Int: 16    God:
Gold:   354        SH:  0    Dex: 18    Spells: 6/15 levels left

rFire    + . .     SeeInvis .   s - +0 dagger (protect)
rCold    . . .     Faith    .   (no shield)
rNeg     . . .     Spirit   .   b - +0 hat
rPois    .         Reflect  .   (no amulet)
rElec    .         Harm     .   e - +6 ring of dexterity
rCorr    .         Rampage  .   y - ring of wizardry
Will     .....                  k - ring of protection from fire
Stlth    +++.......             (no ring)
HPRegen  0.18/turn              (no ring)
MPRegen  0.14/turn              (no ring)
                                (no ring)
                                (no ring)

@: no status effects
A: almost no armour, stealthy swim, amphibious, 8 rings, constrict 8, camouflage
1, gelatinous body 1
a: no special abilities


You were on level 7 of the Dungeon.
You visited 2 branches of the dungeon, and saw 8 of its levels.
You also visited: Ossuary.

You collected 354 gold pieces.

Inventory:

Hand Weapons
 a - a +0 dagger
 s - a +0 dagger of protection (weapon)
 t - a +4 hunting sling
 v - a +3 falchion
Missiles
 u - 8 boomerangs
 w - 19 sling bullets
 A - 3 boomerangs of dispersal
Armour
 b - a +0 hat (worn)
 r - a +0 tower shield
Jewellery
 e - a +6 ring of dexterity (left tentacle)
 k - a ring of protection from fire (on tentacle)
 y - a ring of wizardry (right tentacle)
Wands
 B - a wand of paralysis (4)
 C - a wand of digging (12)
 E - a wand of polymorph (8)
Scrolls
 c - 7 scrolls of teleportation
 f - 3 scrolls of magic mapping
 j - 10 scrolls of remove curse
 m - a scroll of torment {unknown}
 n - 5 scrolls of immolation {unknown}
 o - 2 scrolls of blinking {unknown}
 p - a scroll of fog {unknown}
 q - 2 scrolls of enchant weapon {unknown}
 D - a scroll of amnesia {unknown}
 H - a scroll of random uselessness {unknown}
Potions
 d - 16 potions of curing
 g - 2 potions of magic {unknown}
 h - 2 potions of ambrosia
 i - 4 potions of flight
 l - 3 potions of might
 x - 4 potions of lignification
 z - 3 potions of brilliance {unknown}
 F - a potion of invisibility {unknown}
 G - 4 potions of mutation
 I - 2 potions of heal wounds {unknown}


   Skills:
 + Level 4.3 Fighting
 - Level 2.0 Dodging
 - Level 2.6 Stealth
 - Level 4.0 Spellcasting
 - Level 6.0 Conjurations
 - Level 1.0 Summonings
 - Level 4.0 Translocations
 - Level 3.0 Air Magic
 - Level 5.0 Poison Magic
 + Level 2.7 Evocations


You had 6 spell levels left.
You knew the following spells:

 Your Spells              Type           Power        Failure   Level
a - Magic Dart            Conj           88%          1%          1
b - Blink                 Tloc           N/A          1%          2
c - Mephitic Cloud        Conj/Pois/Air  18%          3%          3
d - Conjure Flame         Conj/Fire      12%          6%          3

Your spell library contained the following spells:

 Spells                   Type           Power        Failure   Level
 Summon Small Mammal      Summ           24%          4%          1
 Call Imp                 Summ           6%           7%          2
 Slow                     Hex            3%           11%         2
 Call Canine Familiar     Summ           6%           13%         3
 Summon Guardian Golem    Hex/Summ       4%           16%         3
 Summon Lightning Spire   Summ/Air       9%           28%         4
 Summon Ice Beast         Ice/Summ       4%           45%         4


Dungeon Overview and Level Annotations

Branches:
Dungeon (7/15)             Temple (1/1) D:7         Ossuary (visited)

Altars:
Ashenzari
Cheibriados
Dithmenos
Elyvilon
Gozag
Makhleb
Nemelex Xobeh
Okawaru
Qazlal
Ru
Trog
Vehumet
Wu Jian
Xom
Yredelemnul
Zin
The Shining One

Shops:
D:4 *

Annotations:
D:2 Sigmund


Innate Abilities, Weirdness & Mutations

You cannot wear most types of armour.
You are very stealthy in the water. (Stealth+)
You are amphibious.
You can wear up to eight rings at the same time.
You can use your tentacles to constrict eight enemies at once.
Your skin changes colour to match your surroundings (Stealth+).
Your rubbery body absorbs attacks. (AC +1, EV +1)


Message History

You hit the orc.
Your weapon exudes an aura of protection.
You grab the orc.
The orc is severely wounded.
You constrict the orc.
You kill the orc!
The jackal barely misses you.
The orc priest mumbles some strange prayers to Beogh against something.
Beogh smites you!
* * * LOW HITPOINT WARNING * * *
You hear a shout!
Things that are here:
a +0 club; an orc corpse The jackal closely misses you.
The orc priest invokes the aid of Beogh against you.
Beogh smites you!
* * * LOW HITPOINT WARNING * * *
The orc priest invokes the aid of Beogh against the jackal.
Beogh smites you!
You die...

### #.†#...#### #
#..#..... #..#..####
# ####........
#.#........#### #.#
##.........(....
#.........#.###...#.
#......#............
#...##.####@###.####
..........8h..#
#....##.>o#.#
#....o..8z#.#
#....o#.#.# #
#...###.#z#
#.......#z# #
#.........#(#
#.##..###.#.#


You could see 3 wights, an orc priest, 2 orcs and a jackal.

Vanquished Creatures
  A water moccasin (D:7)
  An ogre (D:4)
  A phantom (D:4)
  A centaur (D:5)
  A bullfrog (D:7)
  A wyvern zombie (D:7)
  2 howler monkeys
  3 centaur zombies
  4 hounds
  A jelly (D:5)
  5 orc priests
  5 worker ants
  2 iguanas
  2 orc wizards
  A big kobold zombie (Ossuary)
  A hound skeleton (D:4)
  6 mummies
  A worker ant zombie (D:5)
  8 gnolls
  9 adders
  2 shadow imps
  An ufetubus (D:5)
  An ooze (D:1)
  An adder zombie (D:7)
  A worm (D:2)
  6 leopard geckos
  19 orcs
  A ball python (D:2)
  5 giant cockroaches
  3 gnoll zombies (Ossuary)
  8 goblins
  6 hobgoblins
  10 jackals
  7 kobolds
  7 quokkas
  6 bats
  2 frilled lizards (D:1)
  A goblin zombie (Ossuary)
  A hobgoblin zombie (Ossuary)
  A leopard gecko skeleton (D:4)
  A rat (D:3)
146 creatures vanquished.

Notes
Turn   | Place    | Note
-------+----------+-------------------------------------------
     0 | D:1      | TheDoctor the Octopode Hedge Wizard began the quest for the
                  | Orb.
     0 | D:1      | Reached XP level 1. HP: 11/11 MP: 4/4
   301 | D:1      | Reached XP level 2. HP: 9/17 MP: 0/6
  1296 | D:2      | Learned a level 2 spell: Blink
  1306 | D:2      | Reached XP level 3. HP: 21/21 MP: 0/7
  1613 | D:2      | Reached skill level 2 in Conjurations
  1660 | D:2      | Learned a level 3 spell: Mephitic Cloud
  2141 | D:2      | Reached XP level 4. HP: 18/27 MP: 2/9
  2448 | D:2      | Noticed Sigmund
  2640 | D:3      | Learned a level 3 spell: Conjure Flame
  2790 | D:3      | You fall into a shaft and drop 1 floor!
  2790 | D:4      | Found a radiant altar of Vehumet.
  2899 | D:3      | Reached XP level 5. HP: 31/31 MP: 5/10
  4212 | D:3      | Reached skill level 3 in Conjurations
  4475 | D:3      | Found a bloodstained altar of Trog.
  5059 | D:3      | Reached XP level 6. HP: 29/36 MP: 6/12
  5900 | D:4      | Found an ornate altar of the Wu Jian Council.
  5900 | D:4      | Found a basalt altar of Yredelemnul.
  6049 | D:4      | Reached skill level 4 in Conjurations
  6182 | D:4      | Reached skill level 1 in Poison Magic
  6192 | D:4      | Reached skill level 1 in Air Magic
  6525 | D:4      | Found Gozag's Platinum Reserve.
  6527 | D:4      | Found an opulent altar of Gozag.
  6730 | D:4      | Reached XP level 7. HP: 41/41 MP: 7/13
  7115 | D:4      | Reached skill level 5 in Conjurations
  7402 | D:5      | Entered Level 5 of the Dungeon
  7528 | D:5      | Reached XP level 8. HP: 46/46 MP: 9/14
  8836 | D:6      | Reached skill level 5 in Poison Magic
  8959 | D:6      | Found a sand-covered staircase.
  9027 | Ossuary  | Entered an ossuary
  9077 | Ossuary  | Reached skill level 1 in Fighting
  9184 | Ossuary  | Reached skill level 6 in Conjurations
 10051 | D:7      | Reached skill level 1 in Evocations
 10124 | D:7      | Found a staircase to the Ecumenical Temple.
 10135 | Temple   | Entered the Ecumenical Temple
 10293 | D:7      | Found a sparkling altar of Nemelex Xobeh.
 10363 | D:7      | Killed from afar by an orc priest

Illustrated notes

Levels and vault maps discovered:
D:1:      wander_arrival_lonely_grave, layout_basic
D:2:      layout_basic, uniq_crazy_yiuf_cottage, uniq_sigmund
D:3:      layout_loops_corners, serial_co_window_serial,
          co_window_of_opportunity_a, co_window_paths_a, co_window_corner_a,
          co_window_corner_a, co_window_corner_a, co_window_paths_b,
          co_window_paths_b, co_window_2corner, co_window_cross_2,
          co_window_broadway_a, co_window_corner_b, co_window_paths_c,
          glass_columns_c, glass_columns_a, glass_columns_a, glass_columns_b,
          bloody_trog
D:4:      wander_river, layout_basic, overflow_temple_1_default,
          gammafunk_temple_overflow_wave, nicolae_gozag_zags_fifth_avenue
D:5:      layout_basic, kennysheep_generic_room_8
D:6:      layout_cave_pools, gup_ossuary_entry_pyramid
D:7:      layout_basic, nicolae_overflow_hidden_temple, temple_statues
Temple:   cyrus_circular_temple

Skill      XL: |  1  2  3  4  5  6  7  8 |
---------------+-------------------------+-----
Conjurations   | 2 3 4 5 6 |  6.0
Translocations | 2 3 4 |  4.0
Spellcasting   | 4 |  4.0
Poison Magic   | 1 4 5 |  5.0
Air Magic      | 1 2 3 |  3.0
Fighting       | 4 |  4.3
Evocations     | 2 |  2.7
Dodging        | |  2.0
Stealth        | |  2.6
Summonings     | |  1.0

Action                   |  1- 3 |  4- 6 |  7- 9 || total
-------------------------+-------+-------+-------++-------
Melee: Dagger            |    32 |    99 |   190 ||   321
       Constrict         |    10 |    28 |    38 ||    76
       Tentacles         |     2 |    22 |    61 ||    85
 Cast: Magic Dart        |    65 |   133 |   147 ||   345
       Mephitic Cloud    |       |     3 |     5 ||     8
       Conjure Flame     |       |     1 |     2 ||     3
       Blink             |       |       |     5 ||     5
Evoke: Wand              |       |       |     1 ||     1
  Use: Scroll            |       |       |    11 ||    11
 Stab: Sleeping          |       |     1 |     5 ||     6
       Confused          |       |     2 |     4 ||     6
       Paralysed         |       |       |     2 ||     2
       Distracted        |       |       |     1 ||     1
Armor: Skin              |       |    17 |    48 ||    65
Dodge: Dodged            |    19 |    62 |   131 ||   212
